TOP OF THE 1ST |
Boise Hawks batting - Pitching for Auburn Doubledays : RHP Steve Schneider
|
Pitching: RHP Steve Schneider
|
|
Batting: SHB Clayton Saunders
|
0-0: Fly out, F9 (Flyball, 9LM, EV 87.5 MPH)
|
Batting: SHB Brad Madden
|
0-0: Called Strike 0-1: Ball 1-1: Ball 2-1: Foul Ball, location: 2F 2-2: Foul Ball, location: 2F 2-2: Ball 3-2: Foul Ball, location: 2F 3-2: Foul Ball, location: 2F 3-2: Ground out U3 (Groundball, 3, EV 96.2 MPH)
|
Batting: RHB Wali Mulogo
|
0-0: Called Strike 0-1: Called Strike 0-2: Foul Ball, location: 2F 0-2: Strikes out swinging
|
Top of the 1st over - 0 runs, 0 hits, 0 errors, 0 left on base; Boise 0 - Auburn 0 |
BOTTOM OF THE 1ST |
Auburn Doubledays batting - Pitching for Boise Hawks : RHP Ricky de la Rosa
|
Pitching: RHP Ricky de la Rosa
|
|
Batting: RHB Xavier Reeves
|
0-0: Ball 1-0: SINGLE (Groundball, 4MD, EV 97.5 MPH)
|
Batting: RHB Leo Gutierrez
|
0-0: Ball Xavier Reeves steals 2nd base 1-0: Foul Ball, location: 2F 1-1: Foul Ball, location: 2F 1-2: Foul Ball, location: 2F 1-2: Ball 2-2: Ball 3-2: Fly out, F3 (Flyball, 34D, EV 90.6 MPH)
|
Batting: SHB Ed Thorpe Jr.
|
0-0: Ball 1-0: Ground out 3-1 (Groundball, 34S, EV 86.2 MPH) Xavier Reeves to third
|
Batting: RHB Er Le
|
0-0: SINGLE (Flyball, 9S, EV 98.1 MPH) Xavier Reeves scores
|
Batting: RHB Lamar Thornton
|
0-0: Ball 1-0: SINGLE (Groundball, 6D, EV 96.9 MPH) Er Le to second
|
Batting: LHB Vince McLane
|
0-0: Foul Ball, location: 2F 0-1: Ground out 3-1 (Groundball, 34S, EV 88.1 MPH)
|
Bottom of the 1st over - 1 run, 3 hits, 0 errors, 2 left on base; Boise 0 - Auburn 1 |
TOP OF THE 2ND |
Boise Hawks batting - Pitching for Auburn Doubledays : RHP Steve Schneider
|
Batting: LHB Jason Ryan
|
0-0: Fly out, F8 (Line Drive, 89D, EV 86.2 MPH)
|
Batting: RHB Seisaburo Edagawa
|
0-0: Called Strike 0-1: Ball 1-1: Ball 2-1: Ball 3-1: Base on Balls
|
Batting: LHB Georges Lambert
|
0-0: Called Strike 0-1: Ball 1-1: Swinging Strike 1-2: Foul Ball, location: 2F 1-2: Ball 2-2: Foul Ball, location: 2F 2-2: Ball 3-2: Strikes out swinging
|
Batting: RHB Bob Hayes
|
0-0: Fly out, F4 (Popup, 34D, EV 55.6 MPH)
|
Top of the 2nd over - 0 runs, 0 hits, 0 errors, 1 left on base; Boise 0 - Auburn 1 |
BOTTOM OF THE 2ND |
Auburn Doubledays batting - Pitching for Boise Hawks : RHP Ricky de la Rosa
|
Batting: RHB Scott Skoglund
|
0-0: Fly out, F3 (Line Drive, 3, EV 72.5 MPH)
|
Batting: LHB Adam Jacobs
|
0-0: Called Strike 0-1: Ground out 6-3 (Groundball, 6S, EV 69.4 MPH)
|
Batting: RHB Jason Ewert
|
0-0: Ball 1-0: Ground out 2-3 (Groundball, 13S, EV 66.2 MPH)
|
Bottom of the 2nd over - 0 runs, 0 hits, 0 errors, 0 left on base; Boise 0 - Auburn 1 |
TOP OF THE 3RD |
Boise Hawks batting - Pitching for Auburn Doubledays : RHP Steve Schneider
|
Batting: SHB Oscar Barahona
|
0-0: Swinging Strike 0-1: Called Strike 0-2: Ball 1-2: Foul Ball, location: 2F 1-2: Strikes out swinging
|
Batting: RHB Wei-fang Ping
|
0-0: Called Strike 0-1: Hit by Pitch
|
Batting: SHB Clayton Saunders
|
0-0: Called Strike 0-1: Swinging Strike 0-2: Strikes out swinging
|
Batting: SHB Brad Madden
|
0-0: Ball 1-0: Ball 2-0: Ball 3-0: Base on Balls Wei-fang Ping to second
|
Batting: RHB Wali Mulogo
|
0-0: Ball 1-0: SINGLE (Groundball, 6S, EV 70.0 MPH) (infield hit) Wei-fang Ping to third Brad Madden to second
|
Batting: LHB Jason Ryan
|
0-0: Ball 1-0: Foul Ball, location: 2F 1-1: Ball Wild Pitch! Wei-fang Ping scores Brad Madden to third Wali Mulogo to second 2-1: Foul Ball, location: 2F 2-2: Foul Ball, location: 2F 2-2: Foul Ball, location: 2F 2-2: DOUBLE (Line Drive, 78M, EV 94.4 MPH) Brad Madden scores Wali Mulogo scores
|
Batting: RHB Seisaburo Edagawa
|
0-0: Ball 1-0: Ball 2-0: Called Strike 2-1: Ball 3-1: Foul Ball, location: 2F 3-2: Foul Ball, location: 2F 3-2: Foul Ball, location: 2F 3-2: Base on Balls
|
Batting: LHB Georges Lambert
|
0-0: Foul Ball, location: 2F 0-1: Foul Ball, location: 2F 0-2: Ball 1-2: SINGLE (Groundball, 6MD, EV 99.4 MPH) Jason Ryan to third Seisaburo Edagawa to second
|
Batting: RHB Bob Hayes
|
0-0: Called Strike 0-1: Ball 1-1: Called Strike 1-2: Ball Wild Pitch! Jason Ryan scores Seisaburo Edagawa to third Georges Lambert to second 2-2: Ball 3-2: Strikes out swinging
|
Top of the 3rd over - 4 runs, 3 hits, 0 errors, 2 left on base; Boise 4 - Auburn 1 |
BOTTOM OF THE 3RD |
Auburn Doubledays batting - Pitching for Boise Hawks : RHP Ricky de la Rosa
|
Batting: RHB Xavier Reeves
|
0-0: Foul Ball, location: 2F 0-1: Fly out, F8 (Flyball, 8LM, EV 98.8 MPH)
|
Batting: RHB Leo Gutierrez
|
0-0: Ball 1-0: Foul Ball, location: 2F 1-1: Called Strike 1-2: Ball 2-2: Ball 3-2: Base on Balls
|
Batting: SHB Ed Thorpe Jr.
|
0-0: Ball Leo Gutierrez steals 2nd base 1-0: Ball 2-0: Fly out, F7 (Flyball, 7, EV 93.1 MPH)
|
Batting: RHB Er Le
|
0-0: Ball 1-0: Ball 2-0: Ball 3-0: Base on Balls
|
Batting: RHB Lamar Thornton
|
0-0: Ball 1-0: Ball 2-0: Ball 3-0: Called Strike 3-1: Foul Ball, location: 2F 3-2: Base on Balls Leo Gutierrez to third Er Le to second
|
Batting: LHB Vince McLane
|
0-0: Called Strike 0-1: Ball 1-1: DOUBLE (Line Drive, 78M, EV 86.9 MPH) Leo Gutierrez scores Er Le scores Lamar Thornton to third
|
Batting: RHB Scott Skoglund
|
0-0: Ball 1-0: Ball 2-0: Ball 3-0: Called Strike 3-1: Base on Balls
|
Batting: LHB Adam Jacobs
|
0-0: Swinging Strike 0-1: Swinging Strike 0-2: DOUBLE (Groundball, 3L, EV 101.9 MPH) Lamar Thornton scores Vince McLane scores Scott Skoglund to third
|
Pitching: RHP David Landa
|
|
Batting: RHB Jason Ewert
|
0-0: Called Strike 0-1: Fly out, F7 (Line Drive, 78S, EV 112.5 MPH)
|
Bottom of the 3rd over - 4 runs, 2 hits, 0 errors, 2 left on base; Boise 4 - Auburn 5 |
TOP OF THE 4TH |
Boise Hawks batting - Pitching for Auburn Doubledays : RHP Steve Schneider
|
Batting: SHB Oscar Barahona
|
0-0: Swinging Strike 0-1: Ball 1-1: Ball 2-1: Ball 3-1: Foul Ball, location: 2F 3-2: Strikes out swinging
|
Batting: RHB Wei-fang Ping
|
0-0: Called Strike 0-1: Called Strike 0-2: Strikes out looking
|
Batting: SHB Clayton Saunders
|
0-0: Ball 1-0: Ball 2-0: Foul Ball, location: 2F 2-1: Foul Ball, location: 2F 2-2: Foul Ball, location: 2F 2-2: Foul Ball, location: 2F 2-2: Strikes out swinging
|
Top of the 4th over - 0 runs, 0 hits, 0 errors, 0 left on base; Boise 4 - Auburn 5 |
BOTTOM OF THE 4TH |
Auburn Doubledays batting - Pitching for Boise Hawks : RHP David Landa
|
Batting: RHB Xavier Reeves
|
0-0: Ball 1-0: Swinging Strike 1-1: Ball 2-1: Ball 3-1: Foul Ball, location: 2F 3-2: DOUBLE (Flyball, 7LM, EV 100.6 MPH)
|
Batting: RHB Leo Gutierrez
|
0-0: Ball 1-0: Fly out, F6 (Popup, 6MD, EV 59.4 MPH)
|
Batting: SHB Ed Thorpe Jr.
|
0-0: Ball Xavier Reeves steals 3rd base 1-0: Called Strike 1-1: Called Strike 1-2: Strikes out swinging
|
Batting: RHB Er Le
|
0-0: Foul Ball, location: 2F 0-1: Ball 1-1: Called Strike 1-2: Foul Ball, location: 2F 1-2: SINGLE (Line Drive, 7S, EV 94.4 MPH) Xavier Reeves scores
|
Batting: RHB Lamar Thornton
|
0-0: Called Strike 0-1: Swinging Strike 0-2: Ball 1-2: Ball 2-2: Ball 3-2: Fly out, F2 (Popup, 23F, EV 80.6 MPH)
|
Bottom of the 4th over - 1 run, 2 hits, 0 errors, 1 left on base; Boise 4 - Auburn 6 |
TOP OF THE 5TH |
Boise Hawks batting - Pitching for Auburn Doubledays : RHP Steve Schneider
|
Pitching: RHP Josh Jenkins
|
|
Batting: SHB Brad Madden
|
0-0: Called Strike 0-1: SINGLE (Groundball, 3S, EV 72.5 MPH) (infield hit)
|
Batting: RHB Wali Mulogo
|
0-0: Called Strike 0-1: Fly out, F7 (Line Drive, 7, EV 96.2 MPH)
|
Batting: LHB Jason Ryan
|
0-0: Ball 1-0: Ball 2-0: Foul Ball, location: 2F 2-1: Ball 3-1: Called Strike 3-2: Foul Ball, location: 2F 3-2: Foul Ball, location: 2F 3-2: Base on Balls Brad Madden to second
|
Batting: RHB Seisaburo Edagawa
|
0-0: Ball 1-0: Ball 2-0: Swinging Strike 2-1: Swinging Strike 2-2: Ball 3-2: Fly out, F8 (Flyball, 8RD, EV 83.8 MPH)
|
Batting: LHB Georges Lambert
|
0-0: Foul Ball, location: 2F 0-1: Fly out, F8 (Flyball, 8RD, EV 100.6 MPH)
|
Top of the 5th over - 0 runs, 1 hit, 0 errors, 2 left on base; Boise 4 - Auburn 6 |
BOTTOM OF THE 5TH |
Auburn Doubledays batting - Pitching for Boise Hawks : RHP David Landa
|
Batting: LHB Vince McLane
|
0-0: Ball 1-0: Foul Ball, location: 2F 1-1: Ball 2-1: Ball 3-1: Foul Ball, location: 2F 3-2: Foul Ball, location: 2F 3-2: Base on Balls
|
Batting: RHB Scott Skoglund
|
0-0: Called Strike 0-1: Ball Passed Ball! Vince McLane to second 1-1: Called Strike 1-2: Ball 2-2: Fly out, F8 (Flyball, 89S, EV 75.0 MPH)
|
Batting: LHB Adam Jacobs
|
0-0: Fly out, F8 (Flyball, 8RD, EV 83.8 MPH)
|
Batting: RHB Jason Ewert
|
0-0: Ball 1-0: Ball 2-0: Ball 3-0: Base on Balls
|
Batting: RHB Xavier Reeves
|
0-0: Ball 1-0: Foul Ball, location: 2F 1-1: Foul Ball, location: 2F 1-2: Fielders Choice at 2nd, 5-4 (Groundball, 56, EV 93.8 MPH)
|
Bottom of the 5th over - 0 runs, 0 hits, 0 errors, 2 left on base; Boise 4 - Auburn 6 |
TOP OF THE 6TH |
Boise Hawks batting - Pitching for Auburn Doubledays : RHP Josh Jenkins
|
Batting: RHB Bob Hayes
|
0-0: Ball 1-0: Foul Ball, location: 2F 1-1: Called Strike 1-2: Ball 2-2: Fly out, F8 (Line Drive, 8RD, EV 107.5 MPH)
|
Batting: SHB Oscar Barahona
|
0-0: Swinging Strike 0-1: Foul Ball, location: 2F 0-2: Strikes out looking
|
Batting: RHB Wei-fang Ping
|
0-0: Ball 1-0: Ball 2-0: Ball 3-0: Called Strike 3-1: Base on Balls
|
Batting: SHB Clayton Saunders
|
0-0: Ball 1-0: Ball 2-0: Ball 3-0: Called Strike 3-1: Foul Ball, location: 2F 3-2: Foul Ball, location: 2F 3-2: Foul Ball, location: 2F 3-2: Base on Balls Wei-fang Ping to second
|
Pitching: RHP Brent Wainwright
|
|
Batting: SHB Brad Madden
|
0-0: Ground out 4-3 (Groundball, 4, EV 78.1 MPH)
|
Top of the 6th over - 0 runs, 0 hits, 0 errors, 2 left on base; Boise 4 - Auburn 6 |
BOTTOM OF THE 6TH |
Auburn Doubledays batting - Pitching for Boise Hawks : RHP David Landa
|
Pitching: LHP Josh Alvarez
|
|
Batting: RHB Leo Gutierrez
|
0-0: Ball 1-0: Ball 2-0: Ball 3-0: Called Strike 3-1: Base on Balls
|
Batting: SHB Ed Thorpe Jr.
|
0-0: Called Strike 0-1: Swinging Strike 0-2: Foul Ball, location: 2F 0-2: Ball 1-2: Foul Ball, location: 2F 1-2: Ball 2-2: Strikes out swinging
|
Batting: RHB Er Le
|
0-0: Ball 1-0: Ball Leo Gutierrez steals 2nd, throwing error, E2 Leo Gutierrez to third 2-0: Ball 3-0: Base on Balls
|
Batting: RHB Lamar Thornton
|
0-0: Hit by Pitch Er Le to second
|
Batting: LHB Vince McLane
|
0-0: Fly out, F9 (Flyball, 9, EV 84.4 MPH) Runner from 3rd tags up, SCORES, throw by RF Er Le to third
|
Batting: RHB Scott Skoglund
|
0-0: Foul Ball, location: 2F 0-1: Ball 1-1: Foul Ball, location: 2F 1-2: Strikes out swinging
|
Bottom of the 6th over - 1 run, 0 hits, 1 error, 2 left on base; Boise 4 - Auburn 7 |
TOP OF THE 7TH |
Boise Hawks batting - Pitching for Auburn Doubledays : RHP Brent Wainwright
|
Batting: RHB Wali Mulogo
|
0-0: Called Strike 0-1: Ball 1-1: SOLO HOME RUN (Flyball, 89XD, EV 115.0 MPH), Distance : 429 ft
|
Batting: LHB Jason Ryan
|
0-0: Ball 1-0: Called Strike 1-1: Ball 2-1: Foul Ball, location: 2F 2-2: Strikes out swinging
|
Batting: RHB Seisaburo Edagawa
|
0-0: Foul Ball, location: 2F 0-1: Fly out, F9 (Line Drive, 89M, EV 100.0 MPH)
|
Batting: LHB Georges Lambert
|
0-0: Ball 1-0: Called Strike 1-1: Ball 2-1: Swinging Strike 2-2: Foul Ball, location: 2F 2-2: Strikes out swinging
|
Top of the 7th over - 1 run, 1 hit, 0 errors, 0 left on base; Boise 5 - Auburn 7 |
BOTTOM OF THE 7TH |
Auburn Doubledays batting - Pitching for Boise Hawks : LHP Josh Alvarez
|
Batting: LHB Adam Jacobs
|
0-0: Ball 1-0: Ball 2-0: Called Strike 2-1: Ball 3-1: Base on Balls
|
Batting: RHB Jason Ewert
|
0-0: Called Strike 0-1: Bunt missed! 0-2: Grounds into double play, 6-4-3 (Groundball, 6, EV 82.5 MPH)
|
Batting: RHB Xavier Reeves
|
0-0: Called Strike 0-1: Ball 1-1: Foul Ball, location: 2F 1-2: Strikes out looking
|
Bottom of the 7th over - 0 runs, 0 hits, 0 errors, 0 left on base; Boise 5 - Auburn 7 |
TOP OF THE 8TH |
Boise Hawks batting - Pitching for Auburn Doubledays : RHP Brent Wainwright
|
Batting: RHB Bob Hayes
|
0-0: Called Strike 0-1: Ball 1-1: Swinging Strike 1-2: Ball 2-2: Ground out 4-3 (Groundball, 4, EV 105.0 MPH)
|
Batting: SHB Oscar Barahona
|
0-0: Called Strike 0-1: Called Strike 0-2: Strikes out swinging
|
Pitching: RHP Steve Barnes
|
|
Batting: RHB Wei-fang Ping
|
0-0: Ball 1-0: Foul Ball, location: 2F 1-1: Ground out 6-3 (Groundball, 6M, EV 110.0 MPH)
|
Top of the 8th over - 0 runs, 0 hits, 0 errors, 0 left on base; Boise 5 - Auburn 7 |
BOTTOM OF THE 8TH |
Auburn Doubledays batting - Pitching for Boise Hawks : LHP Josh Alvarez
|
Batting: RHB Leo Gutierrez
|
0-0: Ball 1-0: Ball 2-0: Called Strike 2-1: Ball 3-1: Base on Balls
|
Batting: SHB Ed Thorpe Jr.
|
0-0: Called Strike 0-1: Fly out, F5 (Line Drive, 56D, EV 70.0 MPH)
|
Pitching: RHP Jonathan Alldritt
|
|
Batting: RHB Er Le
|
0-0: Foul Ball, location: 2F 0-1: Ball Leo Gutierrez steals 2nd base (no throw) 1-1: Swinging Strike 1-2: Fly out, F5 (Popup, 5S, EV 83.8 MPH)
|
Batting: RHB Lamar Thornton
|
0-0: Ball 1-0: Ball 2-0: Called Strike 2-1: Swinging Strike 2-2: Strikes out swinging
|
Bottom of the 8th over - 0 runs, 0 hits, 0 errors, 1 left on base; Boise 5 - Auburn 7 |
TOP OF THE 9TH |
Boise Hawks batting - Pitching for Auburn Doubledays : RHP Steve Barnes
|
Pitching: RHP Oswaldo Vasquez
|
|
Now in LF: Taffounnout Kame
|
|
Batting: SHB Clayton Saunders
|
0-0: Fly out, F8 (Flyball, 8RD, EV 106.9 MPH)
|
Batting: SHB Brad Madden
|
0-0: Called Strike 0-1: Swinging Strike 0-2: Ball 1-2: Strikes out looking
|
Batting: RHB Wali Mulogo
|
0-0: Called Strike 0-1: Ball 1-1: Foul Ball, location: 2F 1-2: Hit by Pitch
|
Batting: LHB Jason Ryan
|
0-0: Ball 1-0: Ball 2-0: Ball 3-0: Base on Balls Wali Mulogo to second
|
Batting: RHB Seisaburo Edagawa
|
0-0: Fly out, F9 (Flyball, 89D, EV 107.5 MPH)
|
Top of the 9th over - 0 runs, 0 hits, 0 errors, 2 left on base; Boise 5 - Auburn 7 |
|